 Dungeon Crawl Stone Soup version 0.19.5 (webtiles) character file.

42038 ghjk the Executioner (level 13, -11/119 HPs)
             Began as a Minotaur Fighter on Apr 28, 2017.
             Was the Champion of Okawaru.
             Killed from afar by a raiju (18 damage)
             ... with a living lightning
             ... on level 1 of the Abyss.
             The game lasted 00:31:56 (14543 turns).

ghjk the Executioner (Minotaur Fighter)            Turns: 14543, Time: 00:31:58

Health: -11/119    AC: 23    Str: 26    XL:     13   Next: 83%
Magic:  12/12      EV:  9    Int:  8    God:    Okawaru [******]
Gold:   990        SH:  0    Dex: 14    Spells: 0 memorised, 12 levels left

rFire  . . .     SeeInvis .     B - +5 battleaxe
rCold  . . .     Gourm    .     i - +1 plate armour
rNeg   . . .     Faith    .     (shield currently unavailable)
rPois  +         Spirit   .     S - +2 hat {Int+3}
rElec  .         Reflect  .     t - +0 cloak
rCorr  .         Harm     .     s - +0 pair of gloves
MR     .....                    b - +1 pair of boots {Fly}
Stlth  ..........               (no amulet)
                                d - ring of poison resistance
                                G - +4 ring of dexterity

@: flying
A: retaliatory headbutt, horns 2
a: Heroism, Finesse, Renounce Religion, Stop Flying


You were on level 1 of the Abyss.
You worshipped Okawaru.
Okawaru was exalted by your worship.
You were not hungry.

You visited 2 branches of the dungeon, and saw 16 of its levels.
You visited the Abyss 1 time.
You also visited: Ossuary.

You collected 990 gold pieces.

Inventory:

Hand Weapons
 B - a +5 battleaxe (weapon)
 D - a +6 vampiric broad axe
 T - a +5 vampiric battleaxe
 Z - a +0 mace
Armour
 b - a +1 pair of boots of flying (worn)
 i - a +1 plate armour (worn)
 k - a +1 pair of boots
 s - a +0 pair of gloves (worn)
 t - a +0 cloak (worn)
 S - a +2 hat of intelligence (worn)
Jewellery
 d - a ring of poison resistance (right hand)
 n - an uncursed ring of fire
 q - an uncursed ring of protection from magic
 G - a +4 ring of dexterity (left hand)
Wands
 c - a wand of iceblast (6/15)
 p - a wand of lightning (9/15)
 E - a wand of flame (21/48)
 F - a wand of polymorph (15/24)
 I - a wand of slowing (24/48)
 N - a wand of iceblast (8/15)
 Q - a wand of flame (24/48)
 R - a wand of iceblast (3/15)
 X - a wand of teleportation (2/9)
Scrolls
 a - a scroll of remove curse
 e - 4 scrolls of fog
 h - 3 scrolls of enchant armour
 u - a scroll of torment {unknown}
 w - 5 scrolls of teleportation
 y - 2 scrolls of magic mapping
 A - a scroll of amnesia
 H - 2 scrolls of recharging
 K - 2 scrolls of enchant weapon
 L - a scroll of fear
Potions
 g - 4 potions of brilliance
 j - a potion of resistance
 l - 5 potions of agility
 o - 10 potions of curing
 r - 4 potions of lignification
 v - 2 potions of heal wounds
 x - 2 potions of magic
 z - 3 potions of might
 C - 2 potions of haste
 J - a potion of invisibility {unknown}
 O - 2 potions of flight
Books
 W - a book of Minor Magic

   Spells                             Type                      Level
   a - Magic Dart                     Conjuration                  1
   b - Blink                          Translocation                2
   c - Call Imp                       Summoning                    2
   d - Repel Missiles                 Charms/Air                   2
   e - Slow                           Hexes                        2
   f - Conjure Flame                  Conjuration/Fire             3
   g - Mephitic Cloud                 Conjuration/Poison/Air       3
Comestibles
 f - 4 bread rations
 m - 8 meat rations
 P - 6 royal jellies


   Skills:
 + Level 12.7 Fighting
 * Level 21.0(21.1) Axes
 + Level 2.8(14.6) Maces & Flails
 + Level 11.6 Armour
 + Level 2.1 Dodging
   Level 3.6 Shields
 + Level 1.0 Invocations


You had 12 spell levels left.
You didn't know any spells.

Dungeon Overview and Level Annotations

Branches:
Dungeon (15/15)            Temple (1/1) D:5            Lair (0/6) D:10
 Vaults (0/5) D:14
    Orc: D:9-12      Depths: D:15

Altars:
Ashenzari
Cheibriados
Dithmenos
Elyvilon
Fedhas
Gozag
Hepliaklqana
Kikubaaqudgha
Makhleb
Nemelex Xobeh
Okawaru
Qazlal
Ru
Sif Muna
Trog
Uskayaw
Vehumet
Xom
Yredelemnul
Zin
The Shining One
Jiyva

Shops:
D:13 *

Annotations:
D:15 Sonja


Innate Abilities, Weirdness & Mutations

You reflexively headbutt those who attack you in melee.
You have a pair of horns on your head.


Message History

The living lightning misses you. x2; The raiju blinks! x3
You barely miss the raiju. Your headbutt misses the raiju.
The raiju is heavily wounded.
The raiju bites you but does no damage.
You miss the raiju.
The raiju is heavily wounded.
You hit the raiju.
The raiju is severely wounded.
The raiju bursts into living lightning!
The living lightning hits you!
* * * LOW HITPOINT WARNING * * *
The living lightning hits you!
* * * LOW HITPOINT WARNING * * *
The raiju blinks! x3
Unknown command.
You slash the raiju!
The raiju is almost dead.
The raiju bursts into living lightning!
The living lightning hits you!
You die...

#.....#..### .
#....... # #.
###.##.##..#
#.### .#...# #
.... ##.#.##..#
#.###..#...#...
.
.....#.##...#.#
#...x.h.....#
#. #@...###
##..#.#..#
#..####.# #...
.# ##.# ## ##


You could see a raiju and a small abomination.

Vanquished Creatures
  Rupert (D:13)
  A tentacled starspawn (Abyss:1)
  2 hydras (D:13)
  5 centaur warriors
  A hell hog (Abyss:1)
  Urug (D:14)
  A wretched star (Abyss:1)
  3 skeletal warriors (D:14)
  2 unseen horrors
  4 hill giants
  A large abomination (Abyss:1)
  5 deep elf magi
  2 cyclopes
  6 ugly things
  3 centaur zombies
  Psyche (D:9)
  An orange demon (Abyss:1)
  A gargoyle (D:9)
  2 kobold demonologists (D:10)
  3 polar bears (D:10)
  2 trolls (D:13)
  A two-headed ogre (D:14)
  A dream sheep (shapeshifter) (D:14)
  2 hornets
  Grinder (D:5)
  A harpy skeleton (D:14)
  A raiju (Abyss:1)
  2 hippogriffs (D:10)
  A shadow (D:13)
  Sigmund (D:2)
  A centaur simulacrum (D:14)
  12 yaks
  2 wraiths
  3 wyverns
  16 humans (D:14)
  A hungry ghost (D:9)
  A vampire (D:13)
  8 vampire mosquitoes
  Menkaure (D:5)
  2 small abominations (Abyss:1)
  A soldier ant (D:14)
  2 water moccasins
  A swamp drake (D:10)
  A phantom (D:7)
  8 ice beasts
  6 orc warriors
  3 sky beasts
  2 black bears
  A necrophage (D:9)
  4 wolves (D:10)
  7 ogres
  7 centaurs
  2 crocodiles (D:10)
  2 big kobolds (D:11)
  10 bullfrogs
  5 killer bees (D:7)
  7 scorpions
  3 electric eels (D:10)
  11 wights
  8 howler monkeys
  10 crimson imps
  A bullfrog zombie (D:11)
  10 hounds
  A quasit (D:10)
  5 jellies
  8 orc priests
  2 bullfrog skeletons
  17 orc wizards
  9 centaur skeletons
  An iron imp (D:10)
  12 worker ants
  6 iguanas
  A bullfrog simulacrum (D:10)
  A hound zombie (D:9)
  4 mummies (Ossuary)
  Robin (D:2)
  20 adders
  2 river rats (D:10)
  A hound simulacrum (D:10)
  6 shadow imps
  7 white imps (D:10)
  4 ufetubi
  6 oozes
  An adder skeleton (D:9)
  3 worms
  4 dart slugs
  An adder simulacrum (D:10)
  5 leopard geckos
  59 orcs
  2 ball pythons
  15 bats
  6 giant cockroaches
  5 gnoll zombies (Ossuary)
  15 goblins
  10 hobgoblins
  8 jackals
  21 kobolds
  6 quokkas
  A ball python skeleton (D:4)
  6 frilled lizards
  8 gnoll skeletons (Ossuary)
  4 goblin skeletons (Ossuary)
  5 goblin zombies (Ossuary)
  2 hobgoblin skeletons (Ossuary)
  A hobgoblin zombie (Ossuary)
  A jackal zombie (D:5)
  4 kobold zombies (Ossuary)
  An orc skeleton (Ossuary)
  3 orc zombies (Ossuary)
  A quokka skeleton (D:8)
  13 rats
  3 rat skeletons (Ossuary)
  3 rat zombies (Ossuary)
  2 fungi (D:10)
  A plant (D:10)
  2 starspawn tentacles (Abyss:1)
554 creatures vanquished.

Vanquished Creatures (others)
  A small abomination (Abyss:1)
  3 orcs (D:10)
  2 bats (D:10)
  A gnoll skeleton (Ossuary)
  A gnoll zombie (Ossuary)
  2 goblin skeletons (Ossuary)
  2 hobgoblin zombies (Ossuary)
  A kobold skeleton (Ossuary)
  2 orc skeletons (Ossuary)
  An orc zombie (Ossuary)
  A rat (D:10)
  A rat skeleton (Ossuary)
  5 fungi (D:10)
  A starspawn tentacle (Abyss:1)
24 creatures vanquished.

Grand Total: 578 creatures vanquished

Notes
Turn   | Place    | Note
-------+----------+-------------------------------------------
     0 | D:1      | ghjk the Minotaur Fighter began the quest for the Orb.
     0 | D:1      | Reached XP level 1. HP: 19/19 MP: 0/0
   162 | D:1      | Reached skill level 3 in Axes
   179 | D:1      | Reached XP level 2. HP: 27/27 MP: 1/1
   561 | D:2      | Reached XP level 3. HP: 27/33 MP: 2/2
   637 | D:2      | Noticed Sigmund
   651 | D:2      | Killed Sigmund
   651 | D:2      | Reached skill level 5 in Axes
   651 | D:2      | Reached XP level 4. HP: 37/41 MP: 3/3
   651 | D:2      | Reached XP level 5. HP: 42/47 MP: 4/4
   668 | D:2      | Reached skill level 6 in Axes
   707 | D:2      | Noticed Robin
   719 | D:2      | Killed Robin
   986 | D:2      | Found a hazy altar of Hepliaklqana.
  1092 | D:2      | Found a faded altar of an unknown god.
  1295 | D:3      | Reached XP level 6. HP: 55/55 MP: 5/5
  1358 | D:3      | Found a burning altar of Makhleb.
  1630 | D:3      | Reached skill level 7 in Axes
  1891 | D:4      | Reached skill level 5 in Fighting
  1950 | D:4      | Reached XP level 7. HP: 43/61 MP: 6/6
  2108 | D:4      | Reached skill level 8 in Axes
  2171 | D:4      | Reached skill level 5 in Armour
  2250 | D:4      | Found a shattered altar of Ashenzari.
  2410 | D:4      | Found an opulent altar of Gozag.
  2562 | D:5      | Entered Level 5 of the Dungeon
  2572 | D:5      | Reached skill level 9 in Axes
  2649 | D:5      | Found a glowing golden altar of the Shining One.
  2668 | D:5      | Reached XP level 8. HP: 49/69 MP: 7/7
  2680 | D:5      | Found a staircase to the Ecumenical Temple.
  2702 | Temple   | Entered the Ecumenical Temple
  2830 | Temple   | Became a worshipper of Warmaster Okawaru
  2881 | D:5      | Noticed Menkaure
  2899 | D:5      | Reached skill level 10 in Axes
  2906 | D:5      | Killed Menkaure
  3172 | D:5      | Noticed Grinder
  3194 | D:5      | Killed Grinder
  3194 | D:5      | Reached skill level 11 in Axes
  3218 | D:5      | Found a deep blue altar of Sif Muna.
  3411 | D:5      | Reached * piety under Okawaru
  3574 | D:6      | Found a hide-covered altar of Uskayaw.
  3690 | D:6      | Reached XP level 9. HP: 65/78 MP: 8/8
  3807 | D:6      | Reached skill level 12 in Axes
  4252 | D:6      | Found a sand-covered staircase.
  4308 | Ossuary  | Entered an ossuary
  4682 | D:6      | Reached ** piety under Okawaru
  4795 | D:7      | Reached skill level 13 in Axes
  5075 | D:7      | Found a faded altar of an unknown god.
  5075 | D:7      | Found a bloodstained altar of Trog.
  5080 | D:7      | Found a shimmering altar of Xom.
  5082 | D:7      | Found a glowing silver altar of Zin.
  5084 | D:7      | Found a faded altar of an unknown god.
  5452 | D:7      | Reached *** piety under Okawaru
  5502 | D:8      | Found a shadowy altar of Dithmenos.
  5558 | D:8      | Reached skill level 1 in Dodging
  5622 | D:8      | Reached skill level 14 in Axes
  5631 | D:8      | Reached XP level 10. HP: 88/88 MP: 9/9
  5889 | D:8      | Noticed a deep elf mage
  5901 | D:8      | Killed a deep elf mage
  6166 | D:8      | Reached **** piety under Okawaru
  6471 | D:9      | Noticed Psyche
  6594 | D:9      | Found a sparkling altar of Nemelex Xobeh.
  6595 | D:9      | Found a shadowy altar of Dithmenos.
  6737 | D:9      | Killed Psyche
  7019 | D:9      | Noticed a gargoyle
  7037 | D:9      | Killed a gargoyle
  7037 | D:9      | Reached skill level 15 in Axes
  7411 | D:10     | Entered Level 10 of the Dungeon
  7614 | D:10     | Found a viscous altar of Jiyva.
  7694 | D:10     | Reached ***** piety under Okawaru
  8118 | D:10     | Noticed a deep elf mage
  8123 | D:10     | Killed a deep elf mage
  8123 | D:10     | Reached XP level 11. HP: 83/97 MP: 10/10
  8138 | D:10     | Noticed a deep elf mage
  8142 | D:10     | Killed a deep elf mage
  8142 | D:10     | Reached skill level 16 in Axes
  8218 | D:10     | Found a staircase to the Lair.
  8602 | D:10     | Received a gift from Okawaru
  8830 | D:10     | Reached skill level 17 in Axes
  9225 | D:11     | Noticed a hill giant
  9230 | D:11     | Killed a hill giant
  9230 | D:11     | Reached skill level 10 in Fighting
  9300 | D:11     | Got a wavering copper ring
  9450 | D:11     | Identified a scroll of acquirement
  9604 | D:12     | Found a stormy altar of Qazlal.
  9620 | D:12     | Reached ****** piety under Okawaru
  9621 | D:12     | Received a gift from Okawaru
  9727 | D:12     | Noticed a hill giant
  9734 | D:12     | Killed a hill giant
  9734 | D:12     | Reached skill level 18 in Axes
  9770 | D:12     | Killed an unseen horror
  9770 | D:12     | Reached XP level 12. HP: 29/107 MP: 11/11
 10155 | D:12     | You are sucked into a shaft!
 10155 | D:13     | Noticed a centaur warrior
 10155 | D:13     | Noticed a seven-headed hydra
 10306 | D:13     | Found Zehuast's General Store.
 10429 | D:13     | Noticed a centaur warrior
 10435 | D:13     | Killed a centaur warrior
 10472 | D:13     | Received a gift from Okawaru
 10482 | D:13     | Noticed a six-headed hydra
 10570 | D:13     | Killed a six-headed hydra
 10585 | D:13     | Identified the ring "Keifiste" {rC- MR- Str+6 Int+9} (You found it on level 11 of the Dungeon)
 10898 | D:13     | Killed a centaur warrior
 11101 | D:13     | Killed a seven-headed hydra
 11101 | D:13     | Reached skill level 1 in Maces & Flails
 11135 | D:13     | Reached skill level 19 in Axes
 11142 | D:13     | Noticed Rupert
 11241 | D:13     | Reached skill level 10 in Armour
 11513 | D:13     | Paralysed by Rupert for 3 turns
 11523 | D:13     | HP: 4/110 [Rupert/great mace of protection (9)]
 11527 | D:13     | Killed Rupert
 11933 | D:13     | Noticed a centaur warrior
 11942 | D:13     | Killed a centaur warrior
 11945 | D:13     | Received a gift from Okawaru
 12450 | D:14     | Found a gate to the Vaults.
 12450 | D:14     | Noticed Urug
 12450 | D:14     | Noticed a centaur warrior
 12450 | D:14     | Noticed a centaur warrior
 12458 | D:14     | Reached XP level 13. HP: 85/116 MP: 6/12
 12464 | D:14     | Reached skill level 20 in Axes
 12477 | D:14     | Killed Urug
 12628 | D:14     | Reached skill level 1 in Invocations
 13577 | D:14     | Received a gift from Okawaru
 13972 | D:15     | Entered Level 15 of the Dungeon
 13999 | D:15     | Noticed Sonja
 14010 | D:15     | Cast into level 1 of the Abyss (Sonja)
 14010 | Abyss:1  | Found a corrupted altar of Lugonu.
 14412 | Abyss:1  | Noticed a tentacled starspawn
 14422 | Abyss:1  | Killed a tentacled starspawn
 14463 | Abyss:1  | Reached skill level 21 in Axes
 14543 | Abyss:1  | Killed from afar by a raiju

Skill      XL: |  1  2  3  4  5  6  7  8  9 10 11 12 13 |
---------------+----------------------------------------+-----
Axes           | 3 5 6 7 9 11 14 15 18 19 21 | 21.0
Fighting       | 4 5 6 7 9 10 11 12 | 12.7
Armour         | 4 5 6 8 9 10 11 | 11.6
Dodging        | 1 2 |  2.1
Maces & Flails | 2 |  2.8
Invocations    | 1 |  1.0
Shields        | |  3.6

Action                   |  1- 3 |  4- 6 |  7- 9 | 10-12 | 13-15 || total
-------------------------+-------+-------+-------+-------+-------++-------
Melee: War axe           |    48 |   167 |   408 |    79 |       ||   702
       Headbutt          |     5 |    24 |    69 |   121 |    47 ||   266
       Hand axe          |       |       |       |   147 |       ||   147
       Battleaxe         |       |       |       |   428 |   190 ||   618
       Mace              |       |       |       |    35 |       ||    35
       Punch             |       |       |       |     1 |       ||     1
Invok: Heroism           |       |       |       |     2 |       ||     2
       Finesse           |       |       |       |     1 |       ||     1
  Use: Scroll            |     5 |     6 |    10 |    13 |       ||    34
       Potion            |     1 |       |       |     5 |       ||     6
 Stab: Distracted        |       |       |       |     1 |       ||     1
  Eat: Chunk             |       |     3 |     7 |    12 |     2 ||    24
       Fruit             |       |     1 |     1 |       |       ||     2
       Pizza             |       |       |     2 |       |     1 ||     3
       Bread ration      |       |       |     1 |     1 |       ||     2
       Royal jelly       |       |       |       |     3 |     1 ||     4
       Beef jerky        |       |       |       |     1 |     1 ||     2
Armor: Scale mail        |    22 |       |       |       |       ||    22
       Plate armour      |     2 |    82 |   173 |   477 |   102 ||   836
Dodge: Dodged            |    12 |    24 |    57 |   194 |    48 ||   335
Block: Shield            |    15 |    93 |   137 |    72 |       ||   317
